 Dungeon Crawl Stone Soup version 0.24-a0-417-g1cce26a4d2 (webtiles) character file.

Game seed: 10996585032617434579

517991 Sage1700 the Slayer (level 25, -4/247 HPs)
             Began as a Hill Orc Fighter on June 10, 2019.
             Was the Champion of Ashenzari.
             Slain by a death scarab (15 damage)
             ... on level 1 of the Tomb of the Ancients on June 11, 2019.
             The game lasted 04:45:21 (57494 turns).

Sage1700 the Slayer (Hill Orc Fighter)             Turns: 57494, Time: 04:45:22

Health: -4/247     AC: 45    Str: 34    XL:     25   Next: 22%
Magic:  30/30      EV: 16    Int:  8    God:    Ashenzari [******]
Gold:   5337       SH:  5    Dex: 13    Spells: 27/34 levels left

rFire    + + .     SeeInvis +   C - +5 executioner's axe (holy)
rCold    . . .     Gourm    .   (shield currently unavailable)
rNeg     . . .     Faith    .   P - +7 crystal plate armour (curse)
rPois    .         Spirit   .   n - +2 helmet
rElec    +         Reflect  +   v - scarf {repulsion} (curse)
rCorr    .         Harm     .   x - +0 pair of gloves {Dex+3} (curse)
MR       +....     Clarity  +   l - +0 pair of boots "Jenk" {rElec rF++ MR- Stlth+} (curse)
Stlth    ..........             R - +5 amulet of reflection
HPRegen  0.51/turn              h - +3 ring of strength (curse)
MPRegen  0.22/turn              V - ring of protection from magic

@: very slightly contaminated, slowed, studying Throwing, lightly drained, repel
missiles, very slow
A: no striking features
}: 3/15 runes: serpentine, barnacled, silver
a: Curse Item, Scrying, Transfer Knowledge, Renounce Religion


You were on level 1 of the Tomb of the Ancients.
You worshipped Ashenzari.
Ashenzari was exalted by your worship.
You were very hungry.

You visited 9 branches of the dungeon, and saw 39 of its levels.
You also visited: Ossuary and Gauntlet.

You collected 5337 gold pieces.

Inventory:

Hand Weapons
 C - a +5 executioner's axe of holy wrath (weapon)
 S - the +8 battleaxe of Woe {chop, rPois MR+ Str+3 Int+2}
   (You found it on level 5 of the Vaults)

   It inflicts extra damage upon your enemies.
   It affects your strength (+3).
   It affects your intelligence (+2).
   It protects you from poison.
   It affects your resistance to hostile enchantments.
Missiles
 b - 30 silver javelins (quivered)
 w - 19 javelins
 O - 15 boomerangs
Armour
 l - the cursed +0 pair of boots "Jenk" (worn) {rElec rF++ MR- Stlth+}
   (You acquired it on level 11 of the Dungeon)

   It greatly protects you from fire.
   It insulates you from electricity.
   It affects your resistance to hostile enchantments.
   It makes you more stealthy.
   It has a curse placed upon it.
 n - a +2 helmet (worn)
 v - a cursed scarf of repulsion (worn)
 x - a cursed +0 pair of gloves of dexterity (worn)
 A - a +2 pair of gloves
 P - a cursed +7 crystal plate armour (worn)
Jewellery
 h - a cursed +3 ring of strength (left hand)
 t - the ring of Orenah {rC++ rN+}
   (You found it on level 5 of the Vaults)

   [ring of positive energy]

   It greatly protects you from cold.
   It protects you from negative energy.
 H - the ring of Guhyghiq {rF+ Str+3}
   (You found it on level 11 of the Dungeon)

   [ring of protection from fire]

   It affects your strength (+3).
   It protects you from fire.
 R - a +5 amulet of reflection (around neck)
 T - an uncursed ring of protection from fire
 V - a ring of protection from magic (right hand)
Wands
 a - a wand of flame (27)
 B - a wand of disintegration (44)
 F - a wand of enslavement (7)
 G - a wand of acid (19)
 Q - a wand of paralysis (8)
 W - a wand of digging (10)
 X - a wand of clouds (5)
 Z - a wand of iceblast (21)
Scrolls
 e - 10 scrolls of remove curse
 i - 2 scrolls of teleportation
 j - 4 scrolls of brand weapon
 k - 4 scrolls of amnesia
 o - 20 scrolls of identify
 p - 6 scrolls of fog
 y - 10 scrolls of magic mapping
 E - 6 scrolls of fear
 I - a scroll of silence
 K - a scroll of acquirement
 M - 5 scrolls of enchant weapon
 N - 2 scrolls of blinking
Potions
 c - 3 potions of invisibility
 d - 2 potions of might
 g - 2 potions of ambrosia
 m - 9 potions of flight
 q - 4 potions of cancellation
 s - 2 potions of haste
 z - 3 potions of agility
 L - 7 potions of curing
Books
 u - a manual of Throwing
Miscellaneous
 r - a lightning rod (4/4)
 U - a lamp of fire (inert)
Comestibles
 f - 47 rations


   Skills:
 - Level 24.4 Fighting
 * Level 23.3(23.2) Axes
 - Level 12.4 Throwing
 - Level 22.5(25.8) Armour
 - Level 15.4 Dodging
   Level 3.2 Shields
 - Level 5.0 Spellcasting
 + Level 6.5 Necromancy
 - Level 5.1 Fire Magic


You had 27 spell levels left.
You knew the following spells:

 Your Spells              Type           Power        Failure   Level  Hunger
a - Death Channel         Necr           ##........   100%        6    #######
b - Flame Tongue          Conj/Fire      #....        41%         1    #......

Your spell library contained the following spells:

 Spells                   Type           Power        Failure   Level  Hunger
 Animate Skeleton         Necr           N/A          9%          1    #......
 Corpse Rot               Necr           N/A          13%         2    ##.....
 Sublimation of Blood     Necr           ##........   13%         2    ##.....
 Apportation              Tloc           #.....       77%         1    #......
 Beastly Appendage        Tmut           #.....       77%         1    #......
 Confusing Touch          Hex            #.....       77%         1    #......
 Corona                   Hex            #......      77%         1    #......
 Freeze                   Ice            #...         77%         1    #......
 Magic Dart               Conj           #...         77%         1    #......
 Summon Butterflies       Summ           #.......     77%         1    #......
 Summon Small Mammal      Summ           #...         77%         1    #......
 Conjure Flame            Conj/Fire      #.......     80%         3    ###....
 Inner Flame              Hex/Fire       #.......     80%         3    ###....
 Blink                    Tloc           N/A          88%         2    ##.....
 Call Imp                 Summ           #.......     88%         2    ##.....
 Ensorcelled Hibernation  Hex/Ice        #.....       88%         2    ##.....
 Slow                     Hex            #.......     88%         2    ##.....
 Sticks to Snakes         Tmut           #.......     88%         2    ##.....
 Swiftness                Chrm/Air       #.......     88%         2    ##.....
 Throw Frost              Conj/Ice       #.....       88%         2    ##.....
 Ignite Poison            Fire/Tmut/Pois #.......     88%         3    ###....
 Agony                    Necr           ##......     94%         5    ######.
 Dispel Undead            Necr           ##......     94%         5    ######.
 Call Canine Familiar     Summ           #.......     98%         3    ###....
 Confuse                  Hex            #.......     98%         3    ###....
 Dazzling Spray           Conj/Hex       #.....       98%         3    ###....
 Mephitic Cloud           Conj/Pois/Air  #.......     98%         3    ###....
 Ozocubu's Armour         Chrm/Ice       #.......     98%         3    ###....
 Portal Projectile        Hex/Tloc       #.....       98%         3    ###....
 Recall                   Summ/Tloc      N/A          98%         3    ###....
 Spider Form              Tmut/Pois      #.........   98%         3    ###....
 Summon Guardian Golem    Hex/Summ       #.......     98%         3    ###....
 Tukima's Dance           Hex            #.......     98%         3    ###....
 Cause Fear               Hex            #.........   100%        4    #####..
 Ice Form                 Ice/Tmut       #.......     100%        4    #####..
 Leda's Liquefaction      Hex/Erth       #.........   100%        4    #####..
 Summon Ice Beast         Ice/Summ       #.......     100%        4    #####..
 Summon Lightning Spire   Summ/Air       #.......     100%        4    #####..
 Throw Icicle             Conj/Ice       #.......     100%        4    #####..
 Blade Hands              Tmut           #.........   100%        5    ######.
 Bolt of Draining         Conj/Necr      #.........   100%        5    ######.
 Excruciating Wounds      Chrm/Necr      #.........   100%        5    ######.
 Silence                  Hex/Air        #.........   100%        5    ######.
 Summon Forest            Summ/Tloc      #.........   100%        5    ######.
 Summon Mana Viper        Hex/Summ       #.......     100%        5    ######.
 Bolt of Fire             Conj/Fire      #.........   100%        6    #######
 Deflect Missiles         Chrm/Air       #.........   100%        6    #######
 Shadow Creatures         Summ           N/A          100%        6    #######
 Dragon Form              Tmut           #.........   100%        7    #######
 Malign Gateway           Summ/Tloc      #.........   100%        7    #######
 Spellforged Servitor     Conj/Summ      #.........   100%        7    #######
 Dragon's Call            Summ           #.........   100%        9    #######
 Tornado                  Air            #.........   100%        9    #######


Dungeon Overview and Level Annotations

Branches:
Dungeon (14/15)            Temple (1/1) D:5            Lair (6/6) D:9
 Shoals (4/4) Lair:2        Snake (4/4) Lair:2        Slime (1/5) Lair:6
    Orc (0/2) D:12         Vaults (5/5) D:14          Crypt (3/3) Vaults:3
   Tomb (1/3) Crypt:3

Altars:
Ashenzari
Cheibriados
Dithmenos
Elyvilon
Fedhas
Gozag
Hepliaklqana
Kikubaaqudgha
Makhleb
Nemelex Xobeh
Okawaru
Qazlal
Ru
Sif Muna
Trog
Uskayaw
Vehumet
Wu Jian
Xom
Yredelemnul
Zin
The Shining One

Shops:
D:12 }   Shoals:2 [   Vaults:3 =(*   Vaults:4 (

Portals:
Bazaar: Shoals:4

Annotations:
D:4 2 transporters, Mulkerokala's ghost, novice OpAs


Message History

The death scarab closely misses you. The death scarab barely misses you.
The death scarab bites you but does no damage.
You block the death scarab's attack.
You feel better.
The death scarab disappears in a puff of smoke!
The death scarab barely misses you. x2; You block the death scarab's attack.
The death scarab bites you!
* * * LOW HITPOINT WARNING * * *
The death scarab drains your vigour!
You feel as though you will be slow longer.
The death scarab draws strength from your injuries!
The death scarab bites you but does no damage.
You slice the death scarab like a ripe choko!!!
You destroy the death scarab!
You slice the death scarab!!
You destroy the death scarab!
You block the death scarab's attack. You block the death scarab's attack.
The death scarab misses you. The death scarab bites you!
You die...

#.8...8.# ,,* ,*, * #....
#....s§{# ,,, ** #.... #.......#
**{ , * #.... #.8...8{# , ,, ,*
#.(.. #.......# ,, , ,* #....
#......{# *{ , * * #....
#.8...8.# ** * ** #....
####.......##################....
...............s@................
.....8...8...†...................
.................................
.................................
.................................
......⌠.⌠........................
.................................
.................................
.................................


You could see a death scarab.

Vanquished Creatures
  An ancient lich (Vaults:4)
  Khufu (Crypt:3)
  Mara (Crypt:2)
  Sojobo (Vaults:2)
  Boris (twice) (Vaults:4 Crypt:1)
  4 large abominations
  Nikola (Snake:4)
  A profane servitor (Crypt:3)
  4 golden dragons (Vaults:4)
  A bone dragon (Crypt:3)
  4 liches
  A tentacled monstrosity (Vaults:5)
  Asterion (Vaults:1)
  Rupert (Lair:3)
  7 titans
  Frances (D:14)
  An acid blob (Slime:1)
  3 ancient champions
  2 quicksilver dragons (Vaults:5)
  A kraken (Shoals:3)
  11 sphinxes
  8 shadow dragons
  4 storm dragons
  Kirke (Snake:4)
  10 nagarajas
  7 tengu reavers
  6 fire giants
  A revenant (Crypt:3)
  3 deep elf sorcerers
  An iron dragon (Vaults:4)
  12 vault wardens
  A curse skull (Crypt:1)
  7 ghouls
  Louise (Shoals:1)
  4 frost giants
  Aizul (Snake:2)
  13 ironheart preservers
  An orc warlord (Vaults:2)
  A reaper (Crypt:1)
  A war gargoyle (Vaults:4)
  9 very ugly things
  5 stone giants
  3 vampire knights (Crypt:2)
  2 deep elf annihilators
  3 deep elf demonologists
  Azrael (Snake:3)
  5 dire elephants
  2 minotaurs
  3 deep elf death magi
  Snorg (Lair:3)
  A crystal guardian (Vaults:5)
  8 ettins
  17 jiangshi
  7 merfolk javelineers
  A fire dragon (Vaults:4)
  5 mummy priests
  A deep elf high priest (Vaults:5)
  13 yaktaur captains
  A great orb of eyes (Vaults:3)
  11 hydras
  11 merfolk impalers
  A rakshasa (Vaults:3)
  A spectral shadow dragon (Crypt:3)
  38 vault guards
  Fannar (Lair:3)
  6 ice dragons
  17 naga warriors
  5 merfolk avatars
  11 death knights
  3 centaur warriors
  4 satyrs
  17 anacondas
  27 two-headed ogres
  5 merfolk aquamancers
  18 death scarabs (Tomb:1)
  11 ogre magi
  4 vampire magi
  12 naga sharpshooters
  8 shock serpents
  2 orc high priests (Crypt:2)
  2 fire crabs (Shoals:4)
  Urug (Lair:6)
  5 deep elf knights
  4 salamander mystics (Snake:4)
  6 shadow wraiths
  6 unseen horrors
  32 skeletal warriors
  8 flayed ghosts
  A storm dragon skeleton (Crypt:1)
  9 deep trolls
  9 sea snakes
  6 wizards
  4 deep elf archers
  9 orc knights
  10 phantasmal warriors
  5 lindwurms
  A golden dragon skeleton (Tomb:1)
  5 naga ritualists (Snake:4)
  2 necromancers
  A harpy (shapeshifter) (D:14)
  13 ironbrand convokers
  A shadow dragon skeleton (Crypt:1)
  32 harpies
  2 wolf spiders (Vaults:4)
  10 deep elf magi
  11 mana vipers
  A stone giant zombie (Vaults:2)
  2 orc sorcerers (D:14)
  Pikel (D:7)
  7 manticores
  7 salamanders
  11 ugly things
  8 cyclopes
  22 fauns
  3 centaur zombies
  32 black mambas
  10 guardian serpents
  23 naga magi
  A shock serpent zombie (Crypt:1)
  22 vault sentinels
  A smoke demon (Gauntlet)
  6 merfolk sirens
  9 water nymphs
  2 stone giant skeletons
  20 elephants
  14 spiny frogs
  A black draconian zombie (Crypt:1)
  A green draconian zombie (Crypt:2)
  3 spiny frogs (shapeshifter)
  A human zombie (Vaults:2)
  An alligator snapping turtle zombie (Crypt:2)
  10 komodo dragons
  2 kobold demonologists (Crypt:2)
  An efreet (D:14)
  A minotaur zombie (Gauntlet)
  12 freezing wraiths
  A purple draconian skeleton (Crypt:2)
  A rime drake (Lair:4)
  14 guardian mummies
  35 yaktaurs
  A hydra zombie (Crypt:2)
  4 wind drakes
  47 merfolk
  A polar bear (Lair:6)
  6 hornets
  Prince Ribbit (D:6)
  3 meliai (Shoals:1)
  A jumping spider (shapeshifter) (Vaults:1)
  5 trolls
  A polar bear (shapeshifter) (Vaults:4)
  A raiju (shapeshifter) (Vaults:4)
  9 blink frogs
  Grinder (D:3)
  A bog body (Crypt:2)
  15 slime creatures
  9 dream sheep
  An ettin zombie (Vaults:2)
  A hippogriff (shapeshifter) (Vaults:2)
  11 hippogriffs
  9 snapping turtles
  60 flying skulls
  18 wraiths
  2 spriggans
  12 shadows
  A vampire (D:13)
  2 tarantellas (shapeshifter)
  11 water elementals
  67 yaks
  5 hogs (Snake:4)
  7 basilisks
  3 wyverns
  2 ushabtiu (Tomb:1)
  An ettin skeleton (Tomb:1)
  5 fire bats
  2 yaktaur simulacra
  2 hungry ghosts
  5 wargs
  A spectral spiny frog (Crypt:3)
  4 acid dragons
  36 nagas
  5 hell hounds
  6 porcupines
  9 water moccasins
  A hydra simulacrum (Crypt:3)
  27 orc warriors
  5 ice beasts
  A slave (D:7)
  A black bear (D:6)
  A hornet zombie (D:14)
  2 sky beasts
  10 necrophages
  6 boggarts
  32 ogres
  6 wolves (Lair:5)
  16 centaurs
  An ogre (shapeshifter) (Vaults:5)
  5 phantoms
  19 crocodiles
  A rime drake zombie (Crypt:1)
  20 bullfrogs
  A draconian zombie (Crypt:1)
  A hippogriff skeleton (Crypt:2)
  A spiny frog simulacrum (Crypt:3)
  2 human skeletons
  3 wyvern skeletons
  10 scorpions
  4 small abominations (Crypt:3)
  An elf simulacrum (Vaults:2)
  6 killer bees (D:10)
  17 wights
  3 electric eels (Snake:2)
  6 howler monkeys
  2 lava snakes (D:9)
  13 crimson imps
  A human simulacrum (Vaults:2)
  A basilisk zombie (Crypt:2)
  2 bullfrog zombies
  6 hounds
  A hound (shapeshifter) (Vaults:2)
  2 bullfrog skeletons (D:5)
  16 orc wizards
  16 orc priests
  6 iguanas
  18 jellies
  7 centaur skeletons
  Jessica (D:3)
  Natasha (D:2)
  6 worker ants
  An acid dragon zombie (Crypt:2)
  A deep dwarf skeleton (Crypt:2)
  18 mummies
  A worker ant zombie (D:10)
  A howler monkey skeleton (D:7)
  17 adders
  A scorpion zombie (Crypt:2)
  6 shadow imps
  3 white imps (Gauntlet)
  2 oozes (D:3)
  4 adder skeletons
  2 adder zombies
  A lava snake skeleton (Crypt:2)
  4 worms
  3 dart slugs
  5 leopard geckos
  56 orcs
  8 bats
  A bat zombie (Crypt:1)
  8 giant cockroaches
  A gnoll zombie (Ossuary)
  11 goblins
  8 hobgoblins
  10 jackals
  3 quokkas
  A ball python (D:1)
  A ball python skeleton (D:5)
  2 frilled lizards
  3 hobgoblin zombies (Ossuary)
  A jackal zombie (D:5)
  8 kobolds
  5 orc zombies
  2 quokka zombies (D:7)
  10 rats
  A butterfly (Lair:1)
  2 crawling corpses (Vaults:5)
  7 fungi
  8 plants
  3 tentacles
1847 creatures vanquished.

Vanquished Creatures (collateral kills)
  An ancient champion (Crypt:3)
  A kraken (Shoals:4)
  A merfolk avatar (Shoals:4)
  A skeletal warrior (Crypt:3)
  3 flying skulls (Crypt:3)
  A necrophage (Crypt:3)
  An orc (Vaults:5)
  2 tentacles (Shoals:4)
11 creatures vanquished.

Vanquished Creatures (others)
  A titan (Vaults:5)
  A satyr (Shoals:1)
  2 death scarabs (Tomb:1)
  A manticore (Shoals:4)
  A salamander (shapeshifter) (Vaults:4)
  3 yaktaurs
  A merfolk (Shoals:1)
  A harpy skeleton (D:13)
  A water elemental (Shoals:2)
  2 humans (Snake:4)
  An ogre (Vaults:5)
  A centaur (Shoals:2)
  A worker ant (D:7)
  3 bushes
  2 fire vortices (D:9)
  7 fungi
  33 plants
  21 tentacles
83 creatures vanquished.

Grand Total: 1941 creatures vanquished

Notes
Turn   | Place    | Note
-------+----------+-------------------------------------------
     0 | D:1      | Sage1700 the Hill Orc Fighter began the quest for the Orb.
     0 | D:1      | Reached XP level 1. HP: 19/19 MP: 1/1
    67 | D:1      | Reached XP level 2. HP: 26/26 MP: 2/2
   273 | D:1      | Reached XP level 3. HP: 31/31 MP: 3/3
   668 | D:2      | Reached skill level 5 in Axes
   892 | D:2      | Found a glowing golden altar of the Shining One.
   962 | D:2      | Reached XP level 4. HP: 37/39 MP: 4/4
   982 | D:2      | Noticed Natasha
   993 | D:2      | Killed Natasha
  1595 | D:2      | Reached XP level 5. HP: 45/45 MP: 5/5
  2127 | D:3      | Noticed Jessica
  2135 | D:3      | Killed Jessica
  2232 | D:3      | Noticed Grinder
  2264 | D:3      | Killed Grinder
  2264 | D:3      | Reached XP level 6. HP: 14/51 MP: 6/6
  2943 | D:3      | Reached XP level 7. HP: 58/58 MP: 7/7
  3204 | D:4      | Reached skill level 4 in Fighting
  3491 | D:4      | Found a glowing silver altar of Zin.
  3894 | D:4      | Reached skill level 10 in Axes
  4052 | D:4      | Reached skill level 5 in Fighting
  4093 | D:4      | Found a transporter.
  4094 | D:4      | Found a transporter.
  4094 | D:4      | Noticed Mulkerokala's ghost (novice OpAs)
  4095 | D:4      | Identified the +7 dire flail of the Last Princes {crush,
                  | rN+ MP+9 Int+4 Dex+4}
  4194 | D:5      | Entered Level 5 of the Dungeon
  4209 | D:5      | Found a staircase to the Ecumenical Temple.
  4217 | D:5      | Reached XP level 8. HP: 55/68 MP: 8/8
  4223 | Temple   | Entered the Ecumenical Temple
  4465 | D:5      | Found a shattered altar of Ashenzari.
  4496 | D:5      | Became a worshipper of Ashenzari the Shackled
  4554 | D:5      | Found a sparkling altar of Nemelex Xobeh.
  4579 | D:5      | Reached skill level 6 in Fighting
  4754 | D:5      | Got the cursed hunting sling "Ogreslayer" {venom, rElec MR-
                  | Str+3 Int+3}
  4935 | D:5      | Reached * piety under Ashenzari
  5205 | D:6      | Noticed Prince Ribbit
  5214 | D:6      | Reached skill level 7 in Fighting
  5214 | D:6      | Reached XP level 9. HP: 64/79 MP: 9/9
  5228 | D:6      | Killed Prince Ribbit
  5612 | D:6      | Found a burning altar of Makhleb.
  5613 | D:6      | Found a radiant altar of Vehumet.
  5736 | D:6      | Reached skill level 8 in Fighting
  6339 | D:7      | Noticed Pikel
  6353 | D:7      | Killed Pikel
  6470 | D:7      | Reached XP level 10. HP: 88/88 MP: 10/10
  6489 | D:7      | Reached skill level 5 in Armour
  6602 | D:7      | Reached skill level 15 in Axes
  6712 | D:7      | Found a sand-covered staircase.
  6719 | Ossuary  | Entered an ossuary
  7614 | D:8      | Reached ** piety under Ashenzari
  8154 | D:8      | Identified the cursed +1 hunting sling "Ogreslayer" {venom,
                  | rElec MR- Str+3 Int+3} (You found it on level 5 of the
                  | Dungeon)
  8456 | D:9      | Reached XP level 11. HP: 84/95 MP: 11/11
  8544 | D:9      | Reached skill level 9 in Fighting
  8552 | D:9      | Found a staircase to the Lair.
  8958 | D:9      | Reached *** piety under Ashenzari
  9173 | D:9      | Identified the Guide on Entrancing Sinister Arts
  9208 | D:10     | Entered Level 10 of the Dungeon
  9288 | D:10     | Reached skill level 10 in Fighting
  9477 | D:10     | Noticed a deep elf mage
  9671 | D:10     | Noticed a cyclops
  9680 | D:10     | Killed a cyclops
  9680 | D:10     | Reached skill level 11 in Fighting
  9694 | D:10     | Killed a deep elf mage
  9694 | D:10     | Reached skill level 10 in Armour
  9994 | D:10     | Found a shadowy altar of Dithmenos.
 10017 | D:10     | Reached XP level 12. HP: 109/109 MP: 12/12
 10472 | D:11     | Identified the ring of Guhyghiq {rF+ Str+3}
 10484 | D:11     | Reached skill level 12 in Fighting
 10484 | D:11     | Reached skill level 1 in Dodging
 10652 | D:11     | Found a snail-covered altar of Cheibriados.
 10653 | D:11     | Found the +5 robe of Night {Dark MR+ SInv}
 10758 | Lair:1   | Entered Level 1 of the Lair of Beasts
 10774 | Lair:1   | Noticed a four-headed hydra
 10780 | Lair:1   | Killed a two-headed hydra
 10933 | Lair:1   | Noticed a six-headed hydra
 10940 | Lair:1   | Killed a three-headed hydra
 11003 | Lair:1   | Reached **** piety under Ashenzari
 11158 | Lair:2   | Got the uncursed plate armour of Cairi {rN+}
 11169 | Lair:2   | Identified the +0 plate armour of Cairi {rN+} (You found it
                  | on level 2 of the Lair of Beasts)
 11233 | Lair:2   | Found a staircase to the Shoals.
 11356 | Lair:2   | Found a staircase to the Snake Pit.
 11358 | Lair:2   | Noticed a six-headed hydra
 11370 | Lair:2   | Killed a four-headed hydra
 11370 | Lair:2   | Reached skill level 13 in Fighting
 11388 | Lair:2   | Reached XP level 13. HP: 108/121 MP: 13/13
 11680 | Lair:2   | Noticed a dire elephant
 11681 | Lair:2   | Reached skill level 5 in Dodging
 11693 | Lair:2   | Killed a dire elephant
 12093 | Lair:3   | Noticed Fannar
 12102 | Lair:3   | Killed Fannar
 12316 | Lair:3   | Reached ***** piety under Ashenzari
 12332 | Lair:3   | Noticed Rupert
 12342 | Lair:3   | Killed Rupert
 12342 | Lair:3   | Reached skill level 14 in Fighting
 12654 | Lair:3   | Noticed Snorg
 12659 | Lair:3   | Killed Snorg
 13997 | Lair:5   | Reached XP level 14. HP: 118/132 MP: 14/14
 14171 | Lair:5   | Reached skill level 15 in Fighting
 14616 | Lair:6   | Entered Level 6 of the Lair of Beasts
 14644 | Lair:6   | Found a staircase to the Slime Pits.
 14940 | Lair:6   | Found a gate leading to a gauntlet.
 14949 | Gauntlet | Entered a Gauntlet
 14949 | Gauntlet | Found a transporter.
 14952 | Gauntlet | Found a transporter.
 14954 | Gauntlet | Found a transporter.
 14970 | Gauntlet | Found a transporter.
 14982 | Gauntlet | Found a runed translucent gate.
 14983 | Gauntlet | Found a runed translucent gate.
 14983 | Gauntlet | Found a transporter.
 14985 | Gauntlet | Found a transporter.
 14988 | Gauntlet | Found a runed translucent gate.
 14995 | Gauntlet | Found a transporter.
 15010 | Gauntlet | Found a runed translucent door.
 15011 | Gauntlet | Found a transporter.
 15012 | Gauntlet | Found a runed translucent door.
 15021 | Gauntlet | Found a transporter.
 15024 | Gauntlet | Identified the ring "Ulafibia" {*Drain +Inv Str+3 Slay+3}
 15031 | Gauntlet | Found a transporter.
 15050 | Gauntlet | Found a transporter.
 15055 | Gauntlet | Found a transporter.
 15096 | Gauntlet | Found a transporter.
 15110 | Gauntlet | Found a transporter.
 15324 | Gauntlet | Paralysed by a wizard for 6 turns
 15347 | Gauntlet | Identified Lacuuw's Volume of the Flying Volcanoes
 15411 | Lair:6   | Noticed Urug
 15420 | Lair:6   | Killed Urug
 15563 | Lair:6   | Identified the ring "Tefit" {Fire rElec MR+ Str-5}
 15718 | Lair:6   | Reached ****** piety under Ashenzari
 16272 | Lair:6   | Noticed a dire elephant
 16272 | Lair:6   | Noticed a dire elephant
 16723 | Lair:6   | Noticed a dire elephant
 16738 | Lair:6   | Killed a dire elephant
 16772 | Lair:6   | Noticed a dire elephant
 17003 | Lair:6   | Killed a dire elephant
 17006 | Lair:6   | Noticed a dire elephant
 17015 | Lair:6   | Killed a dire elephant
 17064 | Lair:6   | Killed a dire elephant
 17064 | Lair:6   | Reached skill level 16 in Fighting
 17420 | Slime:1  | Entered Level 1 of the Pits of Slime
 17420 | Slime:1  | Noticed an acid blob
 17431 | Slime:1  | Killed an acid blob
 17431 | Slime:1  | Reached XP level 15. HP: 89/143 MP: 15/15
 17443 | Lair:6   | Reached skill level 15 in Armour
 17975 | D:11     | Identified a scroll of acquirement
 17988 | D:11     | Identified the cursed +0 pair of boots "Jenk" {rElec rF++
                  | MR- Stlth+} (You acquired it on level 11 of the Dungeon)
 18312 | D:12     | Found Nakat's Gadget Shop.
 18455 | D:12     | Found a staircase to the Orcish Mines.
 19551 | D:14     | Noticed Frances
 19564 | D:14     | Killed Frances
 20034 | D:14     | Found a white marble altar of Elyvilon.
 20124 | D:14     | Found an opulent altar of Gozag.
 20415 | D:14     | Found a gate to the Vaults.
 20972 | Shoals:1 | Entered Level 1 of the Shoals
 20983 | Shoals:1 | Reached skill level 17 in Fighting
 20996 | Shoals:1 | Found a hide-covered altar of Uskayaw.
 21005 | Shoals:1 | Reached XP level 16. HP: 92/154 MP: 16/16
 21212 | Shoals:1 | Reached skill level 1 in Throwing
 21214 | Shoals:1 | Identified the +4 fustibalus of Toess {venom, rF+}
 21566 | Shoals:1 | Noticed Louise
 21579 | Shoals:1 | Killed Louise
 22014 | Shoals:2 | Reached skill level 5 in Throwing
 23463 | Shoals:2 | Found Myfish's Armour Boutique.
 23998 | Shoals:3 | Reached skill level 10 in Throwing
 24350 | Shoals:3 | Reached XP level 17. HP: 115/161 MP: 17/17
 24653 | Shoals:3 | Noticed a kraken
 24704 | Shoals:3 | Killed a kraken
 25355 | Shoals:4 | Entered Level 4 of the Shoals
 25755 | Shoals:4 | Found a gateway to a bazaar.
 26971 | Shoals:4 | Identified the cursed +1 chain mail "Zeompuha" {rCorr}
 27364 | Shoals:4 | Noticed a kraken
 27387 | Shoals:4 | Reached skill level 18 in Fighting
 27835 | Shoals:4 | Killed a kraken
 28056 | Shoals:4 | Got a barnacled rune of Zot
 28133 | Shoals:4 | Identified the +4 leather armour of Resourcefulness {rC+
                  | SInv}
 28133 | Shoals:4 | Identified the +4 acid dragon scales of the Poles {rElec
                  | MR- rCorr Str-5 Int+7} (You found it on level 8 of the
                  | Dungeon)
 28472 | Snake:1  | Entered Level 1 of the Snake Pit
 28782 | Snake:1  | Reached XP level 18. HP: 153/173 MP: 18/18
 30308 | Snake:2  | Noticed Aizul
 30320 | Snake:2  | Killed Aizul
 30543 | Snake:2  | Identified a +2 pair of boots of running
 31851 | Snake:3  | Noticed Azrael
 31868 | Snake:3  | Killed Azrael
 32431 | Snake:3  | Identified the +1 robe of Compression {Slay+2}
 32436 | Snake:3  | Reached skill level 10 in Dodging
 33271 | Snake:4  | Entered Level 4 of the Snake Pit
 33271 | Snake:4  | Noticed Kirke
 33275 | Snake:3  | Reached skill level 19 in Fighting
 34100 | Snake:4  | Noticed Nikola
 34113 | Snake:4  | Killed Kirke
 34126 | Snake:4  | Killed Nikola
 34624 | Snake:4  | Reached XP level 19. HP: 81/183 MP: 19/19
 35486 | Snake:4  | HP: 6/183 [naga warrior/+0 long sword (17)]
 37623 | Snake:4  | Got a serpentine rune of Zot
 38068 | Vaults:1 | Entered Level 1 of the Vaults
 38077 | Vaults:1 | Noticed Asterion
 38098 | Vaults:1 | Killed Asterion
 38740 | Vaults:1 | Reached XP level 20. HP: 142/193 MP: 20/20
 38963 | Vaults:1 | Reached skill level 20 in Fighting
 41746 | Vaults:2 | Noticed Sojobo
 41759 | Vaults:2 | Killed Sojobo
 42341 | Vaults:3 | Noticed a lich
 42354 | Vaults:3 | Killed a lich
 42354 | Vaults:3 | Reached XP level 21. HP: 196/202 MP: 21/21
 42386 | Vaults:3 | Found Ikirrua's Assorted Antiques.
 42404 | Vaults:3 | Found Enetseos's Antique Weapon Shop.
 42405 | Vaults:3 | Found Miapof's Jewellery Shop.
 42533 | Vaults:3 | Found a staircase to the Crypt.
 43740 | Vaults:4 | Reached skill level 21 in Fighting
 44758 | Vaults:4 | Found Deupu's Weapon Emporium.
 44827 | Vaults:5 | Entered Level 5 of the Vaults
 44845 | Vaults:5 | Noticed Boris
 44846 | Vaults:5 | Noticed a golden dragon
 44846 | Vaults:5 | Noticed an ancient lich
 44848 | Vaults:5 | Reached XP level 22. HP: 208/213 MP: 22/22
 44861 | Vaults:5 | Noticed a golden dragon
 44867 | Vaults:5 | Noticed a golden dragon
 44873 | Vaults:4 | Killed Boris
 44874 | Vaults:4 | Killed a golden dragon
 44875 | Vaults:4 | Paralysed by an ancient lich for 6 turns
 44882 | Vaults:4 | HP: 6/213 [disintegration (17)]
 44884 | Vaults:4 | Killed an ancient lich
 45330 | Vaults:4 | Killed a golden dragon
 45339 | Vaults:4 | Killed a golden dragon
 45841 | Vaults:5 | Noticed a golden dragon
 45859 | Vaults:4 | Reached skill level 22 in Fighting
 46855 | Vaults:4 | Killed a golden dragon
 47218 | Vaults:5 | Identified the +0 buckler of the Abyss {rPois Str-4 Dex+4}
 47226 | Vaults:5 | Identified the +8 battleaxe of Woe {chop, rPois MR+ Str+3
                  | Int+2}
 47245 | Vaults:5 | Identified the +2 robe of the Jackalope {Stlth+} (You found
                  | it on level 5 of the Vaults)
 47479 | Vaults:5 | Reached XP level 23. HP: 220/224 MP: 23/23
 47494 | Vaults:5 | Identified the ring of Generosity {Wiz *Drain Str+4}
 47705 | Vaults:4 | HP: 10/225 [large abomination[a deep elf high priest] (18)]
 48260 | Vaults:5 | Reached skill level 23 in Fighting
 48986 | Vaults:5 | Identified the Guide on Feathers
 49055 | Vaults:5 | Got a silver rune of Zot
 49308 | Vaults:5 | Identified the cursed +1 leather armour "Jin Qef" {Dex+4}
                  | (You found it on level 1 of the Vaults)
 49410 | Vaults:5 | Identified the ring of Orenah {rC++ rN+}
 50010 | Crypt:1  | Entered Level 1 of the Crypt
 50010 | Crypt:1  | Noticed Boris
 50028 | Crypt:1  | Killed Boris
 50426 | Crypt:1  | Reached skill level 15 in Dodging
 50456 | Crypt:1  | Reached skill level 24 in Fighting
 50857 | Crypt:1  | Reached XP level 24. HP: 205/238 MP: 23/23
 51030 | Crypt:1  | Learned a level 6 spell: Death Channel
 51032 | Crypt:1  | Learned a level 1 spell: Flame Tongue
 51327 | Crypt:2  | Reached skill level 1 in Spellcasting
 51409 | Crypt:2  | Reached skill level 1 in Necromancy
 51409 | Crypt:2  | Reached skill level 1 in Fire Magic
 51623 | Crypt:2  | Noticed Mara
 51626 | Crypt:2  | Noticed Sage1700's illusion
 51647 | Crypt:2  | Noticed Sage1700's illusion
 52258 | Crypt:2  | Noticed Sage1700's illusion
 52829 | Crypt:2  | Noticed Sage1700's illusion
 52856 | Crypt:2  | Noticed Sage1700's illusion
 52861 | Crypt:2  | Noticed Sage1700's illusion
 52866 | Crypt:2  | Killed Mara
 53431 | Crypt:2  | Found a deep blue altar of Sif Muna.
 53431 | Crypt:2  | Identified the amulet "Mutwagui" {RegenMP Dex+4}
 53857 | Crypt:2  | Identified the Disquisition on the Entourage
 53862 | Crypt:2  | Identified the Incunabulum of Summoning
 53989 | Crypt:3  | Entered Level 3 of the Crypt
 54321 | Crypt:3  | Found a basalt altar of Yredelemnul.
 54989 | Crypt:3  | Identified the +3 leather armour of Ru's Supremacy {rC+
                  | rCorr Str-4 Dex+5}
 55339 | Crypt:3  | Found a staircase to the Tomb.
 55339 | Crypt:3  | Noticed Khufu
 55770 | Crypt:3  | Killed Khufu
 55770 | Crypt:3  | Reached skill level 5 in Spellcasting
 55913 | Crypt:3  | Reached skill level 5 in Fire Magic
 55925 | Crypt:3  | Reached skill level 5 in Necromancy
 56227 | Tomb:1   | Entered Level 1 of the Tomb of the Ancients
 56399 | Tomb:1   | Reached XP level 25. HP: 194/242 MP: 30/30
 56399 | Tomb:1   | Paralysed by a sphinx for 5 turns
 56407 | Tomb:1   | Paralysed by a sphinx for 3 turns
 56412 | Tomb:1   | Paralysed by a sphinx for 5 turns
 56816 | Tomb:1   | Paralysed by a sphinx for 3 turns
 57469 | Tomb:1   | Noticed a greater mummy
 57483 | Tomb:1   | Noticed a greater mummy
 57491 | Tomb:1   | HP: 8/247 [death scarab (8)]
 57494 | Tomb:1   | Slain by a death scarab

Levels and vault maps discovered:
D:1:      nzn_arrival_settlement, layout_basic, serial_bayou_pond_a,
          chequers_hall_statues_wall_a, minmay_heptomino_w4
D:2:      layout_loops_ring, lemuel_crystal_altar, uniq_natasha
D:3:      layout_loops_corners, serial_forest, infiniplex_forest_lined_2,
          infiniplex_forest_clump_tiny, infiniplex_forest_corner_1,
          infiniplex_forest_clump_medium, infiniplex_forest_zigzag_1,
          infiniplex_forest_end_double, infiniplex_forest_clump_medium,
          infiniplex_forest_join, uniq_jessica, uniq_grinder
D:4:      minmay_razor_zed, layout_basic, gammafunk_ghost_smash,
          minmay_ruined_shrine
D:5:      cheibrodos_helix_gallery, layout_gridville, evilmike_ruin_ashenzari,
          overflow_temple_1_default, minmay_temple_entry_proselytizer,
          first_ration
D:6:      layout_basic, grunt_temple_overflow_lords_of_destruction,
          minmay_crossroads, uniq_prince_ribbit1
D:7:      layout_basic, enter_ossuary_4, the_bakery, grunt_ministairs_11,
          uniq_pikel
D:8:      layout_gridville
D:9:      layout_irregular_city, minmay_lair_entry_grove, hangedman_incinerator
D:10:     minmay_bloctagon_deflated, layout_gridville, serial_undead,
          serial_undead_a, serial_undead_c, serial_undead_a, serial_undead_a,
          basic_altar
D:11:     layout_irregular_city, cheibriados_altar_1
D:12:     layout_cave_pools, david_orc_4, serial_column_ruins,
          column_ruins_square_large, column_ruins_open_tiny,
          column_ruins_open_tiny, column_ruins_open_small,
          column_ruins_open_tiny, serial_shops, nicolae_shop_statue_plus
D:13:     layout_long_grid, nrook_uturn
D:14:     layout_cave_pools, grunt_vaults_entry_fortified,
          nicolae_gozag_seed_capital, chequers_serial_rivers_room_a,
          elyvilon_altar_4, uniq_frances
Temple:   bh_familiar_temple
Lair:1:   layout_big_grid, lemuel_fruit_fields, grunt_megastairs_5
Lair:2:   mu_elephants_graveyard, layout_regular_city, shoals_dummy_entry,
          dummy_snake_entry, serial_rivers, chequers_serial_rivers_micro_a,
          chequers_serial_rivers_marsh, chequers_serial_rivers_micro_a,
          chequers_serial_rivers_room_b
Lair:3:   layout_regular_city, uniq_snorg, uniq_fannar, uniq_rupert
Lair:4:   layout_cave_shapes, st_stairs_7
Lair:5:   layout_loops_ring, st_stairs_4, chequers_serial_rivers_small_b,
          chequers_serial_rivers_marsh, grunt_megastairs_4
Lair:6:   due_jungle_book, layout_regular_city, minmay_slime_entry_jelly_boxes,
          gauntlet_entry_generic, kennysheep_basilisk_garden, uniq_urug
Shoals:1: layout_shoals, regret_index_shoals_crete, uniq_louise
Shoals:2: layout_shoals, serial_shops, nicolae_shop_crystal
Shoals:3: layout_shoals
Shoals:4: shoals_end_hangedman, layout_shoals, serial_shops, bzr_entry_islet,
          nicolae_shoals_stone_sculpture_thing, hangedman_shoal_volcano
Snake:1:  layout_layer_cave
Snake:2:  layout_cave_town, serial_bayou_lake_a, lemuel_fruit_tree, uniq_aizul
Snake:3:  layout_layer_cave, uniq_azrael
Snake:4:  snake_pit_salamanders_mu, layout_misc_corridors, special_room,
          uniq_nikola, uniq_kirke
Slime:1:  layout_caves, cheibrodos_slime_lost_civilization_6
Vaults:1: grunt_vaults_twisty, nicolae_vaults_arrows, ontoclasm_vaults_bender,
          nicolae_vaults_windows_and_doors_thing, v_misc_26, v_misc_10,
          vaults_room_pools, layout_vaults_omnigrid, uniq_asterion
Vaults:2: v_misc_11, nicolae_vaults_network_quincunx
          [nicolae_vaults_network_quincunx_subvault,
          nicolae_vaults_network_quincunx_subvault,
          nicolae_vaults_network_quincunx_subvault,
          nicolae_vaults_network_quincunx_subvault,
          nicolae_vaults_network_quincunx_subvault],
          nicolae_vaults_yaktaur_gun_rack, st_diamondy, vaults_room_large_hall,
          vaults_room_grid, hangedman_vaults_trim, layout_vaults_chaotic_city,
          uniq_sojobo
Vaults:3: hangedman_vaults_slice, nicolae_vaults_circle_grid_a,
          minmay_crypt_entry_simple_walls, vaults_room_ringed_pool, v_misc_27,
          vaults_mumra_lcd, ontoclasm_vaults_fault, vaults_room_grid,
          vaults_room_pools, nicolae_vaults_angled_halls,
          hangedman_vaults_hard_town_square, v_misc_9, v_misc_2,
          grunt_vaults_hallway_short, v_misc_12, hangedman_vaults_nails,
          serial_ice_h, layout_vaults_big_cross
Vaults:4: v_rooms_3, ontoclasm_vaults_misaligned, vaults_room_guarded_vault,
          v_pattern_2, v_misc_4, v_misc_28, dpeg_vaults_monster_row,
          ontoclasm_vaults_spin, v_misc_24, vaults_mumra_chevron_long,
          ontoclasm_vaults_hangar, layout_vaults_maze, serial_shops,
          nicolae_shop_statue_plus
Vaults:5: uniq_boris
Crypt:1:  layout_chaotic_city
Crypt:2:  layout_gridlike, st_stairs_9, grunt_ministairs_6,
          hangedman_summoners_spam, uniq_mara
Crypt:3:  grunt_crypt_end_deaths_head
Tomb:1

Skill      XL: |  1  2  3  4  5  6  7  8  9 10 11 12 13 14 15 16 17 18 19 20 21 22 23 24 25 |
---------------+----------------------------------------------------------------------------+-----
Axes           | 3 4 5 6 9 10 12 14 16 17 19 20 21 22 23 | 23.3
Fighting       | 5 7 8 11 13 14 16 17 18 19 20 21 22 24 | 24.4
Armour         | 4 7 10 12 13 14 16 17 18 19 20 21 22 | 22.5
Dodging        | 4 6 8 9 10 12 13 14 15 | 15.4
Throwing       | 10 11 12 | 12.4
Spellcasting   | 5 |  5.0
Necromancy     | 5 6 |  6.5
Fire Magic     | 5 |  5.1
Shields        | |  3.2

Action                   |  1- 3 |  4- 6 |  7- 9 | 10-12 | 13-15 | 16-18 | 19-21 | 22-24 | 25-27 || total
-------------------------+-------+-------+-------+-------+-------+-------+-------+-------+-------++-------
Melee: War axe           |    93 |   193 |   389 |   169 |       |       |       |       |       ||   844
       Battleaxe         |       |       |       |   413 |   756 |   978 |  1018 |  1068 |       ||  4233
       Executioner's axe |       |       |       |       |       |       |       |    43 |    56 ||    99
Throw: Boomerang         |       |       |       |     1 |     4 |       |       |       |       ||     5
       Javelin           |       |       |       |       |       |   158 |    36 |    61 |       ||   255
Invok: Curse Item        |       |       |     2 |     1 |     1 |       |       |     4 |       ||     8
Evoke: Wand              |       |       |     4 |     6 |       |     6 |       |     1 |     1 ||    18
       Lamp of fire      |       |       |       |       |       |     3 |     5 |     5 |     1 ||    14
       Phial of floods   |       |       |       |       |       |     1 |     4 |     2 |       ||     7
       Phantom mirror    |       |       |       |       |       |       |       |     1 |       ||     1
       Lightning rod     |       |       |       |       |       |       |       |     1 |       ||     1
       Sack of spiders   |       |       |       |       |       |       |       |       |     1 ||     1
  Use: Potion            |       |       |     2 |     4 |     1 |    12 |     6 |    19 |     1 ||    45
       Scroll            |       |       |       |    13 |    23 |     8 |    14 |    24 |     7 ||    89
 Stab: Sleeping          |       |       |       |       |       |     1 |       |       |       ||     1
       Distracted        |       |       |       |       |       |       |       |     4 |       ||     4
       Invisible         |       |       |       |       |       |       |       |     3 |       ||     3
  Eat: Chunk             |       |     5 |    13 |    16 |    22 |    17 |    20 |     5 |     2 ||   100
       Ration            |       |       |     1 |       |     4 |     7 |     4 |    10 |       ||    26
Armor: Scale mail        |    44 |    84 |   106 |       |       |       |       |       |       ||   234
       Plate armour      |       |       |    65 |   276 |   415 |   414 |       |       |       ||  1170
       Ring mail         |       |       |       |       |       |   113 |    57 |       |       ||   170
       Crystal plate arm |       |       |       |       |       |       |   385 |   977 |   140 ||  1502
Dodge: Dodged            |    31 |    46 |    86 |   134 |   272 |   647 |   439 |   705 |   106 ||  2466
       Deflected         |       |       |       |       |    17 |    95 |    81 |    26 |       ||   219
Block: Shield            |    52 |    91 |   165 |    62 |       |       |       |       |       ||   370
       Other             |       |       |       |    63 |   140 |   219 |   197 |   257 |    39 ||   915
       Reflection        |       |       |       |     1 |     7 |    41 |    28 |     3 |       ||    80

Table legend:
 A = Non-vault XP
 B = Vault XP
 C = Vault XP percentage of total XP
 D = Non-vault monster count
 E = Vault monster count
 F = Vault count percentage of total count
                 A         B        C        D         E       F
            +---------+---------+-------+---------+---------+-------
      Total |  456542 |  538437 |  54.1 |    1122 |     721 |  39.1
            +---------+---------+-------+---------+---------+-------
        D:1 |      40 |       5 |  11.1 |      21 |       4 |  16.0
        D:2 |      93 |      36 |  27.9 |      25 |       1 |   3.8
        D:3 |     134 |     309 |  69.8 |      31 |       2 |   6.1
        D:4 |      44 |     501 |  91.9 |       4 |      13 |  76.5
        D:5 |     925 |      94 |   9.2 |      17 |       3 |  15.0
        D:6 |     903 |     440 |  32.8 |      15 |       4 |  21.1
        D:7 |    1175 |    1093 |  48.2 |      29 |       6 |  17.1
        D:8 |    1415 |       0 |   0.0 |      30 |       0 |   0.0
        D:9 |    2894 |    2795 |  49.1 |      49 |      20 |  29.0
       D:10 |    5294 |    1987 |  27.3 |      36 |      14 |  28.0
       D:11 |    2571 |       0 |   0.0 |      16 |       0 |   0.0
       D:12 |    4805 |     691 |  12.6 |      18 |      17 |  48.6
       D:13 |    7151 |       0 |   0.0 |      35 |       0 |   0.0
       D:14 |   12133 |    9487 |  43.9 |      33 |      11 |  25.0
     Lair:1 |    4529 |     512 |  10.2 |      16 |       2 |  11.1
     Lair:2 |    4697 |    7992 |  63.0 |      17 |      16 |  48.5
     Lair:3 |    3025 |    4806 |  61.4 |      15 |       3 |  16.7
     Lair:4 |    5047 |      90 |   1.8 |      19 |       1 |   5.0
     Lair:5 |    6293 |    1112 |  15.0 |      23 |       2 |   8.0
     Lair:6 |   17011 |    5202 |  23.4 |      39 |      25 |  39.1
   Shoals:1 |   20114 |    8819 |  30.5 |      45 |      14 |  23.7
   Shoals:2 |   22394 |       0 |   0.0 |      45 |       0 |   0.0
   Shoals:3 |   20409 |       0 |   0.0 |      35 |       0 |   0.0
   Shoals:4 |   12351 |   29022 |  70.1 |      26 |      44 |  62.9
    Snake:1 |   10796 |       0 |   0.0 |      22 |       0 |   0.0
    Snake:2 |   19258 |    1617 |   7.7 |      36 |       1 |   2.7
    Snake:3 |   17886 |    1833 |   9.3 |      31 |       5 |  13.9
    Snake:4 |   28654 |   53426 |  65.1 |      48 |      69 |  59.0
    Slime:1 |    2346 |       0 |   0.0 |       1 |       0 |   0.0
   Vaults:1 |   26679 |   33250 |  55.5 |      57 |      49 |  46.2
   Vaults:2 |   25365 |   19412 |  43.4 |      42 |      24 |  36.4
   Vaults:3 |   25894 |   33305 |  56.3 |      38 |      31 |  44.9
   Vaults:4 |   37639 |   91600 |  70.9 |      53 |      66 |  55.5
   Vaults:5 |   39194 |  102961 |  72.4 |      39 |      75 |  65.8
    Crypt:1 |   33378 |       0 |   0.0 |      44 |       0 |   0.0
    Crypt:2 |   22043 |   17264 |  43.9 |      38 |      16 |  29.6
    Crypt:3 |       0 |   78759 | 100.0 |       0 |     129 | 100.0
     Tomb:1 |   11963 |   25447 |  68.0 |      34 |      22 |  39.3
    Ossuary |       0 |     159 | 100.0 |       0 |      16 | 100.0
   Gauntlet |       0 |    4411 | 100.0 |       0 |      16 | 100.0
            +---------+---------+-------+---------+---------+-------
